 Dungeon Crawl Stone Soup version 0.22.1-1-ga44c0e56f4 (webtiles) character file.

88 Cykl0x the Skirmisher (level 4, 0/37 HPs)
             Began as a Demonspawn Berserker on Oct 2, 2018.
             Was a Believer of Trog.
             Succumbed to a scorpion's poison
             ... on level 2 of the Dungeon.
             The game lasted 00:06:44 (1595 turns).

Cykl0x the Skirmisher (Demonspawn Berserker)        Turns: 1595, Time: 00:06:46

Health: 0/37       AC:  5    Str: 18    XL:     4   Next: 29%
Magic:  13/13      EV: 11    Int:  9    God:    Trog [**....]
Gold:   105        SH:  0    Dex: 12    Spells: 3/3 levels left

rFire    + . .     SeeInvis .   a - +0 hand axe
rCold    . . .     Gourm    .   (no shield)
rNeg     . . .     Faith    .   j - +0 ring mail
rPois    .         Spirit   .   (no helmet)
rElec    .         Reflect  .   (no cloak)
rCorr    .         Harm     .   (no gloves)
MR       .....                  (no boots)
Stlth    +.........             (no amulet)
HPRegen  0.12/turn              e - ring of magical power
MPRegen  0.13/turn              (no ring)

@: lethally poisoned (0 -> -21)
A: talons 1, fire resistance 1
a: Berserk, Trog's Hand, Renounce Religion


You were on level 2 of the Dungeon.
You worshipped Trog.
Trog was pleased with you.
You were not hungry.

You visited 1 branch of the dungeon, and saw 2 of its levels.

You collected 105 gold pieces.

Inventory:

Hand Weapons
 a - a +0 hand axe (weapon)
Missiles
 g - 19 stones (quivered)
Armour
 j - a +0 ring mail (worn)
Jewellery
 e - a ring of magical power (left hand)
Potions
 d - a potion of haste {unknown}
 f - a potion of heal wounds {unknown}
 i - a potion of brilliance {unknown}
Comestibles
 b - 2 chunks of flesh
 c - 4 rations


   Skills:
 + Level 3.8 Fighting
 + Level 3.6 Axes
 + Level 0.1 Throwing
 + Level 2.1 Armour
 + Level 2.1 Dodging


You had 3 spell levels left.
You didn't know any spells.
Your spell library was empty.

Dungeon Overview and Level Annotations

Branches:
Dungeon (2/15)

Altars:


Innate Abilities, Weirdness & Mutations

You have sharp toenails.
Your flesh is heat resistant. (rF+)


Message History

The scorpion is almost dead.
* * * LOW HITPOINT WARNING * * *
You feel sick.
The scorpion stings you but does no damage.
You barely miss the scorpion. Your kick misses the scorpion.
The scorpion is almost dead.
* * * LOW HITPOINT WARNING * * *
You feel sick. The scorpion stings you.
* * * LOW HITPOINT WARNING * * *
Your ring mail prevents you from hitting the scorpion.
The scorpion is almost dead.
* * * LOW HITPOINT WARNING * * *
You feel sick. The scorpion stings you.
* * * LOW HITPOINT WARNING * * *
You are more poisoned.
The scorpion poisons you!
You closely miss the scorpion.
You claw the scorpion, but do no damage.
The scorpion is almost dead.
You die...

#. .. ##.... .## #....
####### #.###
#.....######.### #
#............... ..##
#.....######.##. .....
#.....# ###.##.
.!.)..###.....####...##.
<.....s@...........#....
......###.....##........
..... #.....##........
#### #.....##........
########........
#########


You could see a scorpion.

Vanquished Creatures
  Crazy Yiuf (D:2)
  An adder (D:2)
  A worm (D:2)
  2 dart slugs (D:1)
  2 leopard geckos (D:1)
  2 bats (D:1)
  6 hobgoblins
  4 jackals (D:2)
  2 quokkas (D:2)
  3 ball pythons (D:1)
  2 frilled lizards (D:2)
  5 goblins
  4 kobolds
  6 rats
41 creatures vanquished.

Notes
Turn   | Place    | Note
-------+----------+-------------------------------------------
     0 | D:1      | Cykl0x the Demonspawn Berserker began the quest for the
                  | Orb.
     0 | D:1      | Reached XP level 1. HP: 18/18 MP: 1/1
    53 | D:1      | Gained mutation: You have sharp toenails. [demonic
                  | ancestry]
    53 | D:1      | Reached XP level 2. HP: 15/24 MP: 2/2
   671 | D:1      | Gained mutation: Your flesh is heat resistant. (rF+)
                  | [demonic ancestry]
   671 | D:1      | Reached XP level 3. HP: 29/29 MP: 3/3
   713 | D:2      | Reached ** piety under Trog
  1357 | D:2      | Found a runed door.
  1361 | D:2      | Noticed Crazy Yiuf
  1368 | D:2      | Killed Crazy Yiuf
  1368 | D:2      | Reached XP level 4. HP: 23/37 MP: 4/4
  1595 | D:2      | Succumbed to a scorpion's poison

Skill      XL: |  1  2  3 |
---------------+----------+-----
Axes           | 3 |  3.6
Armour         | 2 |  2.1
Dodging        | 2 |  2.1
Fighting       | |  3.8
Throwing       | |  0.1

Action                   |  1- 3 |  4- 6 || total
-------------------------+-------+-------++-------
Melee: Hand axe          |    92 |    18 ||   110
       Kick              |    13 |     5 ||    18
Throw: Stone             |    11 |       ||    11
  Use: Scroll            |     2 |       ||     2
  Eat: Chunk             |     1 |     1 ||     2
Armor: Animal skin       |     7 |       ||     7
       Leather armour    |    13 |       ||    13
       Ring mail         |     1 |     3 ||     4
Dodge: Dodged            |    74 |     8 ||    82
